Map: Blackburn LE

Players

Pumba - Winner!

  • Race: Protoss Protoss
  • League: Diamond
  • Spawn Location: 7:00

Star

  • Race: Zerg Zerg
  • Spawn Location: 5:00

VOD

Have the link to the VOD?

Description

Time

  • Played on: Feb. 15, 2022, 6:53 p.m.
  • Length: 14:14
Show
View Real Time Build Order
Export as new Build Order

Pumba Protoss - Winner!

Build Orders: 1 Gate Expand, Archon Immortal, Archon Drop, Dark Templar Rush 

Get SALT Encoding   

  12  0:00  Probe  
  13  0:12  Probe  
  14  0:20  Pylon  
  14  0:25  Probe  
  15  0:38  Probe (Chrono Boost)  
  15  0:39  Gateway  
  15  0:42  Gateway  
  17  0:50  Probe (Chrono Boost), Assimilator  
  17  0:56  Probe (Chrono Boost)  
  18  1:04  Probe  
  19  1:16  Probe  
  20  1:28  Nexus  
  20  1:37  Cybernetics Core  
  20  1:40  Probe  
  20  1:45  Assimilator  
  21  1:52  Probe  
  22  1:57  Pylon  
  22  2:04  Probe  
  22  2:07  Warp Gate  
  23  2:12  Adept (Chrono Boost)  
  25  2:16  Probe  
  26  2:28  Probe  
  27  2:30  Twilight Council  
  27  2:34  Stalker (Chrono Boost)  
  29  2:41  Probe x2  
  31  2:53  Probe  
  31  2:56  Probe  
  33  3:02  Robotics Facility  
  33  3:05  Probe  
  33  3:08  Probe  
  35  3:23  Probe x2  
  35  3:28  Dark Shrine  
  35  3:32  Gateway  
  35  3:33  Gateway x2  
  35  3:37  Gateway  
  36  3:41  Probe  
  36  3:43  Probe  
  37  3:48  Warp Prism  
  37  3:54  Shield Battery  
  39  4:04  Adept  
  39  4:05  Probe  
  39  4:06  Pylon  
  39  4:07  Probe  
  43  4:17  Probe, Assimilator  
  43  4:18  Assimilator  
  44  4:26  Probe  
  44  4:29  Probe  
  46  4:32  Pylon x2  
  46  4:38  Probe  
  47  4:41  Probe  
  48  4:54  Dark Templar x2  
  48  4:55  Dark Templar x2  
  48  4:57  Probe x2  
  58  5:09  Probe  
  58  5:10  Probe  
  60  5:17  Archon x2  
  60  5:20  Nexus  
  60  5:22  Pylon  
  60  5:29  Probe x2  
  60  5:31  Observer (Chrono Boost)  
  60  5:35  Sentry x3  
  67  5:41  Probe  
  67  5:42  Pylon  
  70  5:43  Probe  
  70  5:45  Robotics Facility  
  70  5:47  Charge, Forge  
  71  5:53  Probe  
  72  6:05  Probe  
  72  6:06  Probe  
  74  6:13  Gateway  
  74  6:14  Gateway  
  74  6:15  Gateway  
  74  6:16  Gateway  
  74  6:17  Probe  
  74  6:18  Probe  
  76  6:29  Protoss Ground Weapons Level 1, Probe  
  76  6:32  Pylon  
  77  6:35  Pylon  
  77  6:37  Pylon  
  77  6:38  Probe x2  
  79  6:43  Pylon  
  79  6:50  Immortal x2  
  87  6:57  Probe x3  
  90  7:17  Probe x2  
  90  7:19  Assimilator  
  90  7:22  Templar Archives  
  92  7:23  Assimilator  
  92  7:29  Pylon  
  92  7:30  Probe x2  
  92  7:33  Probe, Pylon  
  95  7:40  Photon Cannon  
  95  7:42  Probe x2  
  95  7:44  Pylon  
  97  7:47  Photon Cannon x2  
  97  7:51  Zealot  
  99  7:55  Immortal  
  99  7:56  Immortal  
  107  8:08  Psionic Storm  
  107  8:24  Shield Battery  
  107  8:25  Pylon  
  105  8:28  High Templar x3  
  105  8:29  High Templar x2  
  105  8:33  Shield Battery  
  115  8:39  Shield Battery  
  115  8:40  Photon Cannon  
  115  8:41  Shield Battery, Photon Cannon, Protoss Ground Weapons Level 2 (Chrono Boost)  
  112  8:43  Blink (Chrono Boost)  
  112  8:49  Stalker x2  
  112  8:50  Stalker  
  118  9:12  High Templar x2  
  118  9:13  High Templar x2  
  118  9:14  Nexus, Zealot x2  
  118  9:15  Zealot  
  132  9:19  Archon  
  132  9:20  Archon  
  130  9:25  Stalker  
  132  9:36  Shield Battery  
  132  9:40  Gateway, Stalker x3  
  132  9:41  Gateway  
  132  9:44  Gateway  
  138  9:45  Gateway  
  138  9:57  Pylon  
  138  10:00  Pylon  
  138  10:02  Assimilator  
  138  10:07  Assimilator  
  135  10:25  Photon Cannon  
  135  10:26  High Templar x4  
  135  10:28  Shield Battery, Zealot x4  
  151  10:31  Archon, Photon Cannon  
  151  10:32  Archon  
  151  10:39  Photon Cannon  
  150  10:58  Protoss Ground Armor Level 1 (Chrono Boost)  
  150  11:00  Stalker x4  
  150  11:01  Stalker x8  
  174  11:26  Stalker x11  
  161  12:10  Photon Cannon  
  161  12:11  Photon Cannon  
  161  12:13  Probe x4  
  161  12:15  Photon Cannon, Stalker x2  
  165  12:16  Stalker x9  
  183  12:25  Probe x3  
  184  12:38  Immortal  
  188  12:51  Robotics Facility x2  
  188  12:54  Robotics Facility  
  188  12:56  Pylon  
  188  13:00  Pylon  
  188  13:11  Pylon  
  188  13:14  Immortal, Probe x4  
  142  13:33  Zealot x11  
  162  13:54  Nexus  
  162  13:58  Photon Cannon  
Show
View Real Time Build Order
Export as new Build Order

Star Zerg 

Build Orders: Hatch First 

Get SALT Encoding   

  12  0:03  Drone  
  13  0:14  Overlord  
  13  0:20  Drone  
  14  0:33  Drone x2  
  16  0:37  Drone  
  17  0:55  Drone  
  18  0:58  Hatchery  
  18  1:03  Drone  
  18  1:07  Extractor  
  17  1:11  Drone  
  18  1:21  Spawning Pool  
  17  1:26  Drone  
  18  1:37  Overlord  
  19  1:47  Drone  
  19  2:08  Zergling x2  
  19  2:09  Zergling x2  
  19  2:13  Queen x2, Drone  
  19  2:15  Drone  
  27  2:20  Drone  
  28  2:26  Metabolic Boost  
  28  2:29  Drone  
  29  2:43  Drone x3  
  31  2:54  Zergling x4  
  33  3:03  Queen  
  35  3:06  Overlord  
  35  3:07  Drone  
  36  3:13  Extractor  
  34  3:20  Queen  
  34  3:25  Overlord  
  35  3:27  Drone x3  
  38  3:37  Hatchery  
  37  3:43  Drone x5  
  42  3:49  Queen  
  42  3:51  Drone  
  45  3:56  Drone  
  45  4:06  Drone  
  45  4:07  Drone x4  
  50  4:12  Extractor  
  50  4:13  Extractor  
  48  4:17  Overlord x2  
  48  4:18  Drone x2  
  50  4:29  Spore Crawler  
  50  4:30  Spore Crawler  
  48  4:33  Drone, Extractor  
  48  4:35  Drone  
  49  4:42  Lair  
  49  4:46  Overlord  
  49  4:48  Drone x6  
  55  5:00  Spore Crawler  
  55  5:03  Overlord  
  54  5:11  Zergling x4  
  54  5:12  Zergling x16  
  64  5:23  Overlord  
  64  5:24  Drone x2  
  64  5:25  Drone x3  
  69  5:41  Overlord  
  69  5:45  Spire  
  69  5:46  Drone x2  
  69  5:47  Drone x3  
  73  5:53  Baneling Nest  
  72  5:57  Evolution Chamber x2  
  72  5:58  Drone  
  71  6:10  Drone  
  71  6:11  Drone x8  
  80  6:14  Extractor x2  
  80  6:16  Overlord  
  77  6:26  Drone x2  
  77  6:27  Drone x2  
  77  6:31  Hatchery  
  80  6:37  Zerg Ground Armor Level 1, Zerg Melee Weapons Level 1  
  80  6:38  Infestation Pit  
  79  6:49  Drone x3  
  79  6:50  Overlord  
  79  6:51  Zergling x10  
  79  6:52  Zergling x2  
  88  7:02  Pneumatized Carapace  
  88  7:06  Overseer  
  88  7:11  Overlord  
  88  7:16  Hive  
  88  7:20  Zerg Flyer Weapons Level 1  
  88  7:27  Mutalisk x4  
  88  7:29  Overlord x3  
  96  7:37  Overlord  
  96  7:40  Mutalisk x4  
  96  7:41  Mutalisk  
  104  8:04  Drone x12  
  104  8:05  Drone x7  
  123  8:14  Overseer  
  123  8:17  Overlord  
  123  8:18  Mutalisk  
  123  8:19  Mutalisk x4  
  133  8:32  Adrenal Glands  
  133  8:34  Zerg Melee Weapons Level 2, Zerg Ground Armor Level 2  
  133  8:40  Extractor x2  
  131  8:43  Baneling Nest, Centrifugal Hooks  
  131  8:51  Overlord  
  131  8:52  Zergling x12  
  131  8:53  Zergling x20  
  131  8:54  Overlord  
  131  8:55  Overlord  
  147  9:00  Hydralisk Den  
  146  9:09  Overlord  
  146  9:10  Zergling x2  
  146  9:11  Zergling x22  
  158  9:19  Ultralisk Cavern  
  155  9:29  Overlord  
  151  9:32  Baneling  
  151  9:33  Baneling x7  
  151  9:46  Hatchery  
  150  9:53  Overlord  
  150  9:57  Grooved Spines  
  150  10:02  Overlord  
  150  10:08  Lurker Den  
  149  10:19  Overlord  
  149  10:22  Ultralisk x5  
  149  10:23  Chitinous Plating  
  179  11:07  Drone x11  
  179  11:08  Muscular Augments, Drone x10  
  200  11:17  Zerg Melee Weapons Level 3  
  200  11:18  Zerg Ground Armor Level 3  
  197  11:39  Extractor  
  184  11:40  Spore Crawler, Extractor  
  184  11:43  Overseer  
  162  11:53  Ultralisk  
  162  11:54  Zergling x22, Ultralisk x5  
  183  11:55  Zergling x18  
  188  12:07  Overlord  
  188  12:10  Adaptive Talons  
  183  12:28  Zergling x2  
  183  12:29  Zergling x26  
  176  12:34  Zergling x2  
  176  12:35  Zergling x24  
  189  12:40  Overseer  
  189  12:48  Baneling  
  189  12:49  Baneling x9  
  189  12:53  Greater Spire  
  189  12:55  Anabolic Synthesis  
  189  13:07  Seismic Spines  
  172  13:19  Ultralisk  
  156  13:20  Ultralisk x6  
  156  13:23  Zergling x10  
  156  13:24  Zergling x36  
  137  13:50  Zergling x20  
  137  13:51  Zergling x10  
Tags
 
Add a new tag
Caveats
  • Supply blocks, unpowered buildings, or Contaminate may cause inaccurate times.
  • Supply counts are checked every 10 seconds.